 Dungeon Crawl Stone Soup version 0.30.0-5-g1a98f26d00 (webtiles) character file.

Game seed: 15175359919187112354

181 Irreverend the Shield-Bearer (level 5, 0/47 HPs)
             Began as a Minotaur Fighter on May 8, 2023.
             Slain by a cerulean imp
             ... wielding a +1 spear
             ... summoned by Natasha
              (3 damage)
             ... on level 3 of the Dungeon.
             The game lasted 00:02:12 (1569 turns).

Irreverend the Shield-Bearer (Minotaur Fighter)     Turns: 1569, Time: 00:02:12

Health: 0/47       AC:  7    Str: 23    XL:     5   Next: 34%
Magic:  4/4        EV:  9    Int:  5    God:
Gold:   116        SH:  4    Dex:  9    Spells: 4/4 levels left

rFire   . . .        a - +0 long sword
rCold   . . .        c - +0 buckler
rNeg    . . .        b - +0 scale mail
rPois   .            (helmet restricted)
rElec   .            (no cloak)
rCorr   .            (no gloves)
SInv    .            (no boots)
Will    .....        (no amulet) Stlth
                     (no ring)
HPRegen 0.27/turn    (no ring)
MPRegen 0.09/turn

%: no passive effects
@: slowed, very slow
A: horns 2, retaliatory headbutt
a: no special abilities


You were on level 3 of the Dungeon.
You visited 1 branch of the dungeon, and saw 4 of its levels.

You collected 116 gold pieces.

Inventory:

Hand Weapons
 a - a +0 long sword (weapon)
Armour
 b - a +0 scale mail (worn)
 c - a +0 buckler (worn)
Jewellery
 m - a ring of see invisible
Scrolls
 f - 5 scrolls of identify {unknown}
 g - a scroll of poison {unknown}
 i - a scroll of summoning {unknown}
 k - a scroll of noise {unknown}
 l - a scroll of magic mapping {unknown}
Potions
 d - a potion of might
 e - 2 potions of lignification {unknown}
 h - 3 potions of curing {unknown}
 j - a potion of degeneration {unknown}


   Skills:
 + Level 4.8 Fighting
 + Level 3.9 Long Blades
 + Level 4.8 Armour
 + Level 4.8 Shields


You had 4 spell levels left.
You didn't know any spells.
Your spell library contained the following spells:

 Spells                   Type           Power      Damage    Failure   Level
 Blink                    Tloc           0%         N/A       93%         2
 Lesser Beckoning         Tloc           0%         N/A       93%         2
 Momentum Strike          Conj/Tloc      0%         3d8       93%         2
 Sublimation of Blood     Necr           0%         N/A       93%         2
 Wereblood                Tmut           0%         N/A       93%         2
 Summon Hydra             Summ           0%         N/A       100%        7


Dungeon Overview and Level Annotations

Branches:
Dungeon (4/15)
 Temple: D:4-7

Altars:
Elyvilon
Hepliaklqana
Sif Muna
Vehumet

Shops:
D:1 :

Annotations:
D:3 Natasha


Innate Abilities, Weirdness & Mutations

You have a pair of horns on your head.
You reflexively headbutt those who attack you in melee.


Message History

You hear some strange, mumbled words.
A magic dart appears from out of thin air!
The magic dart hits you.
The cerulean imp hits you from afar with a +1 spear.
You closely miss something. Something claws you but does no damage.
You block the cerulean imp's attack.
You hear some strange, mumbled words.
You closely miss something.
The cerulean imp hits you but does no damage.
Something claws you.
A kobold comes into view.
It is wielding a +0 whip and quivering poisoned darts.
The cerulean imp closely misses you. The cerulean imp completely misses you.
Something claws you but does no damage.
You miss something.
The kobold shouts!
Your headbutt misses something.
You hear a shout!
The cerulean imp hits you with a +0 spear.
The cerulean imp hits you but does no damage.
The orc closely misses you. You block something's attack.
You block the cerulean imp's attack. x2; The orc closely misses you.
You furiously retaliate!
You headbutt the orc. Something claws you.
* * * LOW HITPOINT WARNING * * *
The cerulean imp attacks as you move away!
You block the cerulean imp's attack. The orc attacks as you move away!
The orc hits you but does no damage. The cerulean imp barely misses you.
The cerulean imp closely misses you. Something claws you but does no damage.
The cerulean imp hits you from afar with a +0 spear.
* * * LOW HITPOINT WARNING * * *
The cerulean imp hits you with a +1 spear.
* * * LOW HITPOINT WARNING * * *
The orc attacks as you move away! The orc barely misses you.
The cerulean imp hits you with a +1 spear.
* * * LOW HITPOINT WARNING * * *
You hear some strange, mumbled words.
You feel as though you will be slow longer.
The cerulean imp barely misses you.
You hear some strange, mumbled words.
The cerulean imp hits you from afar with a +1 spear.
You die...

#..#..... #.# ##.##
........# ##.## #.#
........## ##...###.#
#........###.....##.#
..[..............)..#
# #...###.....####
#.###.#.####...##
#.#...#..5###.##
#...#####5.@..#
###...#...######
##..#.Ko.......
#....######### #...##
#..... #..#### #..#
#..#


You could see 2 cerulean imps and a kobold.

Vanquished Creatures
  A scorpion (D:4)
  2 iguanas (D:4)
  An orc wizard (D:4)
  An adder (D:3)
  A worm (D:4)
  4 orcs (D:4)
  3 endoplasms (D:1)
  2 goblins
  5 hobgoblins
  3 kobolds
  3 bats
  2 rats (D:1)
28 creatures vanquished.

Notes
Turn   | Place    | Note
-------+----------+-------------------------------------------
     0 | D:1      | Irreverend the Minotaur Fighter began the quest for the
                  | Orb.
     0 | D:1      | Reached XP level 1. HP: 19/19 MP: 0/0
   333 | D:1      | Found Hokaofig's Vocational Training.
   337 | D:1      | Reached XP level 2. HP: 27/27 MP: 1/1
   768 | D:2      | You fall into a shaft and drop 2 floors!
   835 | D:4      | Reached XP level 3. HP: 10/33 MP: 2/2
   836 | D:4      | Reached XP level 4. HP: 13/41 MP: 3/3
   988 | D:4      | Found a white marble altar of Elyvilon.
  1110 | D:4      | Noticed a scorpion
  1116 | D:4      | Killed a scorpion
  1117 | D:4      | Reached XP level 5. HP: 29/47 MP: 4/4
  1291 | D:4      | Found a shimmering blue altar of Sif Muna.
  1292 | D:4      | Found a radiant altar of Vehumet.
  1296 | D:4      | Found a hazy altar of Hepliaklqana.
  1550 | D:3      | Noticed Natasha
  1569 | D:3      | Slain by a cerulean imp

Illustrated notes

Levels and vault maps discovered:
D:1:      heliophobic_arrival_ceremonial_halls, layout_basic,
          nicolae_shop_vocational
D:2:      layout_rooms, hangedman_decor_push, uniq_robin
D:3:      layout_loops_ring, shapermc_ecumenical_altar_acropolis, uniq_natasha
D:4:      layout_gridville, nicolae_overflow_hidden_temple

Skill      XL: |  1  2 |
---------------+-------+-----
Shields        | 4 |  4.8
Fighting       | 4 |  4.8
Armour         | 4 |  4.8
Long Blades    | 3 |  3.9

Action                     |  1- 3 |  4- 6 || total
---------------------------+-------+-------++-------
  Melee: Long sword        |    36 |    46 ||    82
         Headbutt          |     7 |     5 ||    12
 Armour: Scale mail        |    12 |    16 ||    28
  Dodge: Dodged            |    19 |    25 ||    44
  Block: Buckler           |     9 |    18 ||    27
